 Dungeon Crawl Stone Soup version 0.30.1-3-gfc49f6343a (webtiles) character file.

Game seed: 12769505648806564533

362 spardeous the Conjurer (level 6, -1/45 HPs)
             Began as a Demigod Conjurer on Aug 2, 2023.
             Slain by a scorpion (4 damage)
             ... on level 5 of the Dungeon.
             The game lasted 00:05:17 (4678 turns).

spardeous the Conjurer (Demigod Conjurer)           Turns: 4678, Time: 00:05:17

Health: -1/45      AC:  7    Str:  8    XL:     6   Next: 15%
Magic:  14/14      EV: 11    Int: 28    God:
Gold:   222        SH:  0    Dex: 12    Spells: 0/11 levels left

rFire   . . .        p - +0 war axe
rCold   . . .        (no shield)
rNeg    . . .        l - +3 leather armour
rPois   .            (no helmet)
rElec   .            q - +0 cloak
rCorr   .            (no gloves)
SInv    .            (no boots)
Will    .....        (no amulet)
Stlth   ++           (no ring)
HPRegen 0.27/turn    (no ring)
MPRegen 0.14/turn

%: no passive effects
@: lethally poisoned (-1 -> -5)
A: high MP 1, forlorn, divine attributes
a: no special abilities


You were on level 5 of the Dungeon.
You visited 1 branch of the dungeon, and saw 5 of its levels.

You collected 261 gold pieces.
You spent 39 gold pieces at shops.

Inventory:

Hand Weapons
 p - a +0 war axe (weapon)
Armour
 a - a +0 robe
 l - a +3 leather armour (worn)
 q - a +0 cloak (worn)
Jewellery
 u - a ring of positive energy
Scrolls
 c - a scroll of fear {unknown}
 d - 2 scrolls of magic mapping {unknown}
 e - 2 scrolls of identify {unknown}
 f - 2 scrolls of fog {unknown}
 g - 2 scrolls of teleportation
 i - a scroll of enchant weapon {unknown}
 j - a scroll of poison {unknown}
 n - a scroll of amnesia {unknown}
 o - a scroll of enchant armour {unknown}
 s - a scroll of butterflies {unknown}
 t - a scroll of torment {unknown}
Potions
 b - a potion of magic
 h - 2 potions of heal wounds {unknown}
 k - 4 potions of curing {unknown}
 m - 2 potions of flight {unknown}
 r - a potion of degeneration {unknown}


   Skills:
 - Level 1.7 Dodging
 - Level 1.7 Stealth
 + Level 3.3 Spellcasting
 * Level 5.9 Conjurations
 + Level 1.9 Translocations


You couldn't memorise any spells.
You knew the following spells:

 Your Spells              Type           Power      Damage    Failure   Level
a - Magic Dart            Conj           100%       1d8       1%          1
b - Searing Ray           Conj           74%        2d7       1%          2
c - Iskenderun's Mystic   Conj/Tloc      26%        2d7       22%         4
d - Petrify               Tmut/Erth      4%         N/A       75%         4

Your spell library contained the following spells:

 Spells                   Type           Power      Damage    Failure   Level
 Shock                    Conj/Air       84%        1d8       3%          1
 Dazzling Flash           Conj/Hex       42%        N/A       11%         3
 Sublimation of Blood     Necr           4%         N/A       19%         2
 Ozocubu's Armour         Ice            4%         N/A       34%         3
 Swiftness                Air            4%         N/A       34%         3
 Fulminant Prism          Conj/Hex       10%        3d8       34%         4
 Irradiate                Conj/Tmut      10%        3d15      67%         5
 Airstrike                Air            2%         2d(1-17)  75%         4
 Ozocubu's Refrigeration  Ice            2%         4d7       100%        7


Dungeon Overview and Level Annotations

Branches:
Dungeon (5/15)             Temple (0/1) D:4

Shops:
D:1 *[((:   D:2 ?


Innate Abilities, Weirdness & Mutations

You have an increased reservoir of magic. (+10% MP)
You shall have no god before yourself.
Your divine heritage dramatically boosts your attributes as you level up.


Message History

You are poisoned.
The scorpion poisons you!
You take 4 damage, and have 41/45 hp.
Unknown command.
You feel less confused.
Magic restored.
You feel very sick.
You hear some strange, mumbled words.
You are confused.
The scorpion stings you.
In your confused state, you trip and fall back down the stairs.
You feel sick. Something hits you but does no damage. The scorpion stings you.
You take 9 damage, and have 32/45 hp.
MP restored: 14 You feel sick.
The scorpion stings you.
You are more poisoned.
The scorpion poisons you!
In your confused state, you trip and fall back down the stairs.
You feel very sick. The scorpion stings you.
* * * LOW HITPOINT WARNING * * *
Something hits you but does no damage. The scorpion misses you.
You take 15 damage, and have 17/45 hp.
MASSIVE DAMAGE!!
You feel sick. The scorpion stings you.
* * * LOW HITPOINT WARNING * * *
In your confused state, you trip and fall back down the stairs.
* * * LOW HITPOINT WARNING * * *
You feel sick.
The scorpion stings you but does no damage.
You take 7 damage, and have 10/45 hp.
You feel sick. The orc hits you but does no damage. Something hits you.
* * * LOW HITPOINT WARNING * * *
The scorpion stings you.
* * * LOW HITPOINT WARNING * * *
In your confused state, you trip and fall back down the stairs.
* * * LOW HITPOINT WARNING * * *
You feel less confused.
* * * LOW HITPOINT WARNING * * *
You feel sick. The scorpion stings you.
You die...

###########.
#.@oo.......
#l{s.?.....# #
#.S.......$# .##
#....$.....###....
#.............?...
#................?
#.........<....)l.
#.................
...............


You could see a scorpion, an iguana, an adder and 2 orcs.

Vanquished Creatures
  A hound (D:4)
  An orc priest (D:4)
  An iguana (D:4)
  5 orc wizards (D:4)
  2 gnolls (D:1)
  2 adders
  2 ufetubi (D:4)
  3 worms
  4 dart slugs (D:2)
  11 orcs
  5 endoplasms
  2 giant cockroaches (D:1)
  7 goblins
  7 hobgoblins
  8 jackals
  3 kobolds
  5 quokkas
  4 ball pythons
  2 bats
  4 frilled lizards
  3 rats
82 creatures vanquished.

Notes
Turn   | Place    | Note
-------+----------+-------------------------------------------
     0 | D:1      | spardeous the Demigod Conjurer began the quest for the Orb.
     0 | D:1      | Reached XP level 1. HP: 14/14 MP: 5/5
   202 | D:2      | Reached XP level 2. HP: 20/20 MP: 5/7
   228 | D:2      | Reached skill level 4 in Conjurations
   883 | D:2      | Found Uthracul's Magic Scroll Shop.
   887 | D:2      | Bought a scroll of teleportation for 39 gold pieces
  1056 | D:2      | Learned a level 2 spell: Searing Ray
  1106 | D:1      | Reached XP level 3. HP: 17/26 MP: 3/9
  1435 | D:1      | Found Calieq's Weapon Shop.
  1625 | D:1      | Found Ucied's Antique Weapon Boutique.
  1692 | D:1      | Found Vutzof's Book Shop.
  1884 | D:1      | Found Qaisegod's Antique Armour Boutique.
  2028 | D:1      | Found Idaafyce's Assorted Antiques.
  2358 | D:3      | Reached XP level 4. HP: 33/33 MP: 6/10
  2363 | D:3      | Learned a level 4 spell: Iskenderun's Mystic Blast
  3024 | D:4      | Reached skill level 5 in Conjurations
  3241 | D:4      | Reached XP level 5. HP: 38/38 MP: 4/12
  3343 | D:4      | Reached skill level 1 in Translocations
  4059 | D:4      | Reached XP level 6. HP: 23/45 MP: 3/13
  4468 | D:4      | Found a staircase to the Ecumenical Temple.
  4593 | D:4      | Learned a level 4 spell: Petrify
  4603 | D:5      | Entered Level 5 of the Dungeon
  4678 | D:5      | Slain by a scorpion

Illustrated notes

Levels and vault maps discovered:
D:1:      amcnicky_arrival_choice, layout_loops_cross, serial_shops,
          shop_fountains, shop, shop, nicolae_shop_trees, shop,
          amcnicky_mini_rare_corridor_liquid, st_stairs_5, nicolae_grassy_gnolls
D:2:      layout_loops_ring, hellmonk_ecumenical_altar_inner_sanctum,
          serial_shops, shop, minmay_fountain_box
D:3:      layout_basic, minmay_misc_feat_four_crosses, hex_intersection,
          kennysheep_pointless_box
D:4:      layout_basic, minmay_temple_entry_trees, minmay_quantized
D:5:      layout_rooms, grunt_temple_overflow_open, gammafunk_ghost_smash

Skill      XL: |  1  2  3  4  5 |
---------------+----------------+-----
Spellcasting   | 2 3 |  3.3
Conjurations   | 4 5 |  5.9
Translocations | 1 |  1.9
Dodging        | |  1.7
Stealth        | |  1.7

Action                     |  1- 3 |  4- 6 || total
---------------------------+-------+-------++-------
  Melee: Unarmed           |     1 |     5 ||     6
         War axe           |       |    11 ||    11
         Punch             |       |     1 ||     1
   Cast: Magic Dart        |    99 |    72 ||   171
         Searing Ray       |     2 |     9 ||    11
 Armour: Robe              |     3 |       ||     3
         Leather armour    |     1 |    17 ||    18
  Dodge: Dodged            |    10 |    19 ||    29
